Map: Glittering Ashes LE

Players

KriXuS

  • Race: Terran Terran
  • League: Master
  • Spawn Location: 1:00

CareAgain - Winner!

  • Race: Zerg Zerg
  • League: Master
  • Spawn Location: 7:00

VOD

Have the link to the VOD?

Description

Time

  • Played on: Feb. 7, 2022, 7:43 p.m.
  • Length: 16:47
Show
View Real Time Build Order
Export as new Build Order

KriXuS Terran 

Build Orders: Reaper Expand 

Get SALT Encoding   

  12  0:00  SCV  
  13  0:12  SCV  
  14  0:17  Supply Depot  
  14  0:25  SCV  
  15  0:38  SCV  
  15  0:40  Barracks  
  16  0:44  Refinery  
  16  0:50  SCV  
  17  1:03  SCV  
  18  1:15  SCV  
  19  1:27  Reaper  
  19  1:28  Orbital Command  
  20  1:42  Command Center  
  20  1:55  SCV  
  20  1:59  Marine  
  20  2:01  Supply Depot  
  22  2:07  SCV  
  23  2:11  Factory  
  23  2:22  SCV, Barracks Reactor  
  24  2:35  SCV  
  25  2:45  Command Center  
  25  2:47  SCV  
  26  2:54  Refinery  
  26  2:59  SCV  
  26  3:04  Orbital Command  
  27  3:07  Hellion  
  27  3:09  Hellion  
  31  3:17  SCV  
  32  3:24  Barracks Tech Lab  
  32  3:26  Starport  
  32  3:29  SCV  
  32  3:31  Hellion  
  35  3:40  Hellion  
  37  3:41  SCV  
  37  3:43  SCV  
  39  3:51  Supply Depot  
  39  3:53  SCV  
  40  3:56  SCV, Hellion  
  43  4:06  Hellion  
  43  4:07  SCV  
  43  4:08  Orbital Command  
  46  4:11  Marine  
  47  4:17  Hellion  
  47  4:20  Viking  
  47  4:22  SCV  
  47  4:24  SCV  
  53  4:34  SCV  
  53  4:35  SCV  
  53  4:36  SCV  
  53  4:37  Stimpack  
  56  4:46  SCV  
  56  4:51  SCV  
  56  4:52  SCV  
  59  4:53  Starport Reactor  
  59  4:58  SCV  
  59  4:59  Barracks x2  
  60  5:02  Factory Tech Lab  
  60  5:04  SCV, Engineering Bay  
  60  5:05  Engineering Bay  
  60  5:06  Supply Depot  
  61  5:10  Supply Depot  
  61  5:11  Supply Depot  
  61  5:13  SCV, Supply Depot  
  62  5:15  SCV  
  62  5:17  Marine  
  63  5:35  Marine  
  56  5:45  Widow Mine  
  56  5:47  Starport Reactor  
  56  5:48  Barracks  
  58  5:50  Factory  
  58  5:51  SCV  
  58  5:52  Terran Infantry Armor Level 1, Terran Infantry Weapons Level 1  
  58  5:53  SCV, Marine  
  58  5:54  Barracks  
  60  5:59  SCV  
  60  6:03  SCV, Refinery  
  61  6:05  Refinery  
  61  6:06  SCV, Marine  
  61  6:07  Marine x3  
  61  6:08  Widow Mine  
  61  6:09  Orbital Command  
  61  6:10  Marine  
  69  6:15  SCV  
  69  6:16  Combat Shield  
  70  6:18  SCV  
  70  6:24  Marine  
  72  6:28  SCV  
  72  6:29  Supply Depot  
  72  6:30  SCV, Widow Mine  
  76  6:34  Marine  
  76  6:37  Medivac x2  
  81  6:40  SCV  
  81  6:42  SCV  
  83  6:52  SCV  
  83  6:53  Barracks Reactor x2  
  84  6:54  Factory Reactor  
  84  6:55  SCV  
  84  6:56  SCV  
  84  6:58  Armory  
  84  7:00  Marine x4  
  90  7:01  Marine  
  90  7:04  SCV  
  90  7:07  SCV  
  90  7:08  SCV  
  94  7:11  Widow Mine  
  96  7:16  SCV  
  96  7:18  Marine  
  96  7:19  SCV  
  96  7:20  SCV, Medivac x2  
  104  7:24  Supply Depot  
  104  7:26  Supply Depot  
  104  7:28  SCV  
  105  7:30  Supply Depot x2, Marine x4  
  105  7:31  Supply Depot  
  109  7:44  Drilling Claws  
  109  7:46  SCV, Marine x3, Widow Mine x2  
  109  7:47  Marine x3  
  109  7:48  SCV x2, Marine, Widow Mine  
  109  7:51  Command Center, Marine x2  
  125  7:58  SCV  
  128  8:00  SCV x2  
  128  8:03  Marine x2  
  128  8:04  Marine  
  128  8:05  Marine x2  
  133  8:08  Widow Mine x2  
  133  8:09  Widow Mine  
  133  8:10  Marine x2  
  133  8:11  Marine x2  
  145  8:14  Medivac x2  
  149  8:28  SCV, Marine x3  
  149  8:35  Refinery x2  
  149  8:36  SCV, Marine  
  149  8:40  Supply Depot x3  
  149  8:41  SCV, Marine  
  149  8:42  Supply Depot, Marine  
  149  8:44  Supply Depot  
  149  8:45  Marine x2  
  149  8:46  Marine, Widow Mine x2  
  149  8:48  Widow Mine  
  149  8:49  Marine  
  149  8:55  Marine  
  137  8:58  Marine  
  137  8:59  SCV  
  137  9:00  Marine  
  137  9:01  Marine x2  
  142  9:08  Marine, Widow Mine  
  142  9:09  Medivac x2  
  149  9:15  SCV  
  150  9:17  Marine  
  150  9:18  Marine x2  
  150  9:19  Widow Mine x2  
  150  9:21  Barracks  
  150  9:22  Terran Infantry Weapons Level 2  
  150  9:23  Terran Infantry Armor Level 2  
  157  9:24  Barracks  
  157  9:25  SCV x2  
  157  9:26  Barracks  
  157  9:27  SCV  
  160  9:33  Marine  
  160  9:34  Marine  
  160  9:35  Marine  
  160  9:37  SCV  
  164  9:39  Medivac  
  164  9:44  SCV x2, Marine  
  159  9:53  Marine x4  
  159  9:56  Marine  
  159  9:57  Marine  
  159  9:59  Marine  
  164  10:05  Marine  
  135  10:09  Marine  
  135  10:11  Marine  
  135  10:12  Marine  
  135  10:13  SCV  
  122  10:14  SCV  
  122  10:17  SCV, Widow Mine x2  
  104  10:23  Marine  
  90  10:30  Orbital Command  
  90  10:32  Marine x4  
  90  10:33  Marine x2  
  90  10:35  Marine  
  88  10:39  Marine  
  88  10:40  Marine  
  83  10:49  Marine  
  83  10:50  Marine x5  
  83  10:52  Marine  
  90  10:57  Marine  
  90  10:58  Marine, Barracks Tech Lab x2  
  90  10:59  Marine  
  90  11:03  SCV x3  
  96  11:07  Marine x2  
  96  11:08  Marine x2  
  96  11:09  Marine x2  
  96  11:10  Marine  
  103  11:15  SCV  
  103  11:17  Marine x2, Marauder  
  103  11:18  Concussive Shells, Marauder  
  110  11:21  SCV  
  110  11:22  Marine  
  110  11:24  SCV  
  111  11:28  SCV  
  111  11:30  Marine x2  
  114  11:35  Marauder  
  114  11:39  Marauder  
  118  11:46  Widow Mine x3, Marauder  
  126  11:53  Marine  
  127  11:57  Marauder  
  127  11:59  Marine  
  127  12:00  Barracks Tech Lab, Marauder  
  132  12:06  Marine x3  
  132  12:07  Marine x3, Marauder  
  140  12:16  Supply Depot  
  140  12:17  Supply Depot x2  
  140  12:23  SCV x2, Marine x4, Marauder  
  140  12:24  Marine x2  
  140  12:26  Terran Infantry Weapons Level 3  
  150  12:40  Widow Mine x3  
  150  12:41  Marine  
  150  12:42  Marine, Marauder  
  162  12:48  Marine  
  162  12:50  Marine, Marauder  
  168  12:53  Terran Infantry Armor Level 3  
  168  12:54  SCV  
  168  12:55  SCV x2  
  167  13:01  Marine  
  167  13:02  Widow Mine  
  166  13:06  SCV  
  166  13:07  SCV  
  166  13:22  Marine  
  166  13:26  Marine  
  168  13:29  Marine  
  169  13:37  Marine x3  
  169  13:38  Marauder x2  
  169  13:42  Marine  
  169  13:43  Marine  
  166  13:48  Marine  
  166  13:51  Marine  
  165  13:55  Marine  
  165  13:56  Marine x3, Marauder  
  165  13:57  Marauder  
  165  13:59  Marauder  
  165  14:00  Marine, Marauder  
  165  14:01  Marine  
  177  14:04  Planetary Fortress  
  177  14:06  Marine  
  177  14:09  Supply Depot, Marine  
  179  14:13  Marine  
  180  14:18  Supply Depot  
  180  14:27  Marine x3  
  180  14:29  Marauder  
  180  14:30  SCV, Marauder x2  
  183  14:38  SCV  
  149  14:46  SCV  
  140  14:55  SCV  
  140  14:56  SCV  
  140  14:58  SCV  
  143  15:00  Widow Mine x3  
  143  15:05  Marine x2, Marauder x2  
  143  15:06  Marine x3, Marauder x2  
  162  15:08  SCV x2  
  162  15:10  SCV  
  165  15:18  Sensor Tower  
  165  15:25  Marine x3  
  165  15:27  Marauder x3  
  174  15:29  Widow Mine x2  
  174  15:35  SCV x3  
  181  15:38  Marine  
  181  15:42  Supply Depot  
  182  15:43  Supply Depot, Marine  
  183  16:13  Marine x2, Marauder x4  
  193  16:21  Marine  
  187  16:29  Marine  
Show
View Real Time Build Order
Export as new Build Order

CareAgain Zerg - Winner!

Build Orders: Hatch First 

Get SALT Encoding   

  12  0:00  Drone  
  13  0:13  Overlord  
  13  0:18  Drone  
  14  0:33  Drone x2  
  16  0:49  Hatchery  
  15  0:51  Drone  
  15  0:54  Drone  
  17  0:57  Drone  
  18  1:08  Extractor  
  17  1:13  Spawning Pool  
  17  1:15  Drone  
  17  1:19  Drone  
  18  1:29  Drone  
  20  1:40  Drone  
  20  1:50  Drone  
  21  2:01  Queen x2  
  23  2:02  Zergling x4  
  27  2:17  Overlord  
  27  2:20  Hatchery  
  26  2:23  Drone x2  
  28  2:37  Metabolic Boost  
  28  2:47  Drone x5  
  33  2:52  Queen  
  33  2:55  Overlord  
  35  2:58  Drone  
  36  3:06  Overlord  
  36  3:14  Drone x4  
  36  3:19  Queen  
  40  3:20  Drone  
  40  3:24  Drone  
  44  3:32  Drone, Queen  
  47  3:37  Drone x2  
  49  3:41  Drone  
  49  3:48  Drone x6  
  56  4:04  Zergling x4  
  56  4:05  Overlord x5  
  58  4:21  Overlord x2  
  58  4:26  Zergling x10  
  58  4:29  Evolution Chamber  
  58  4:30  Evolution Chamber  
  61  4:33  Drone x4  
  65  4:43  Zergling x2  
  65  4:44  Zergling x2  
  67  4:51  Drone x3  
  69  4:53  Spore Crawler  
  69  4:55  Spore Crawler  
  69  4:57  Drone x4, Spore Crawler  
  70  5:03  Zergling x8  
  74  5:08  Hatchery  
  74  5:12  Zerg Melee Weapons Level 1, Zerg Ground Armor Level 1  
  73  5:17  Zergling x8  
  73  5:19  Overlord  
  75  5:28  Drone x8  
  75  5:34  Drone  
  80  5:36  Drone x2  
  80  5:39  Lair  
  80  5:41  Drone x3  
  85  5:46  Queen x2  
  85  5:49  Drone x2  
  91  5:52  Extractor  
  91  5:53  Extractor x2  
  91  5:56  Zergling x2  
  91  5:57  Zergling x8  
  93  6:01  Baneling Nest  
  92  6:04  Drone x2  
  94  6:12  Zergling x4  
  96  6:19  Drone x2  
  98  6:30  Drone x8  
  106  6:40  Overlord x2  
  105  6:49  Hatchery  
  104  6:55  Zergling x26  
  115  7:05  Centrifugal Hooks, Zergling x12  
  115  7:06  Zerg Ground Armor Level 2, Zerg Melee Weapons Level 2  
  115  7:08  Hatchery  
  120  7:19  Drone x7  
  120  7:22  Spore Crawler  
  126  7:23  Spine Crawler  
  126  7:24  Zergling x6  
  128  7:34  Overseer  
  128  7:35  Overseer  
  128  7:41  Overlord  
  128  7:42  Overlord x2  
  128  7:45  Zergling x14  
  135  7:53  Overlord x6  
  135  7:55  Baneling  
  135  7:56  Baneling x7  
  135  7:57  Baneling  
  135  7:58  Baneling x4  
  134  7:59  Baneling x2, Queen x4  
  134  8:00  Baneling x2  
  142  8:15  Zergling x20  
  151  8:30  Baneling x9  
  151  8:31  Baneling x5  
  150  8:36  Zergling x26  
  161  8:44  Zergling x2  
  161  8:45  Zergling x2  
  154  8:51  Zergling x12  
  147  9:01  Zergling x12  
  153  9:05  Infestation Pit  
  153  9:08  Zergling x8  
  156  9:17  Overseer  
  156  9:23  Zergling x24  
  168  9:24  Hatchery  
  168  9:26  Baneling x4  
  167  9:33  Drone x3  
  160  9:44  Zergling x22  
  170  9:46  Burrow  
  170  9:57  Zergling x16  
  162  10:08  Zergling x8  
  156  10:17  Zergling x12  
  159  10:24  Baneling  
  145  10:30  Zergling x6  
  140  10:35  Zergling x6  
  140  10:40  Hive  
  140  10:41  Zergling x2  
  140  10:42  Zergling x6  
  145  10:43  Queen x2  
  145  10:47  Zergling x16  
  145  10:48  Zergling x4  
  157  10:53  Zergling x4  
  158  10:57  Pneumatized Carapace  
  158  10:58  Queen x3  
  158  11:03  Overseer  
  158  11:04  Overseer x3  
  164  11:09  Extractor, Zergling x20  
  164  11:10  Extractor  
  172  11:14  Baneling x30  
  172  11:15  Zergling x8  
  176  11:18  Queen x2  
  176  11:23  Zergling x16  
  186  11:36  Drone x5  
  186  11:43  Extractor, Drone x2  
  186  11:44  Extractor, Drone x3  
  186  11:45  Drone  
  190  11:51  Extractor  
  190  11:52  Extractor  
  188  11:56  Zerg Melee Weapons Level 3  
  188  12:11  Drone x3  
  188  12:12  Drone x3  
  194  12:16  Drone x2  
  194  12:17  Drone  
  197  12:25  Ultralisk Cavern  
  197  12:27  Zergling x8  
  198  12:56  Zergling x2  
  198  12:58  Overlord x3  
  193  13:12  Zergling x2  
  193  13:13  Zergling x14  
  193  13:15  Baneling x13  
  199  13:31  Zergling x6  
  173  13:54  Zerg Ground Armor Level 3, Chitinous Plating, Adrenal Glands  
  166  14:03  Viper x5  
  181  14:13  Zergling x38  
  200  14:19  Spire  
  199  14:28  Zergling x4  
  158  15:01  Ultralisk x6  
  194  15:13  Anabolic Synthesis  
  194  15:21  Zergling x10  
  194  15:23  Baneling x32  
  194  15:24  Baneling x22  
  199  15:34  Hatchery  
  198  15:43  Overseer  
  198  15:44  Hatchery  
  198  15:45  Overseer  
  198  15:46  Hatchery  
  198  15:47  Hatchery  
  195  16:01  Extractor  
  195  16:03  Extractor  
  193  16:16  Hatchery  
Tags
 
Add a new tag
Caveats
  • Supply blocks, unpowered buildings, or Contaminate may cause inaccurate times.
  • Supply counts are checked every 10 seconds.